 Dungeon Sprint DCSS version 0.27-a0-13-g87abb2d9eb (webtiles) character file.

Game seed: 11348996003867718053

10342 TheScarfBastard the Severer (level 11, -7/121 HPs)
             Began as a Minotaur Berserker on Jan 2, 2021.
             Was a High Priest of Trog.
             Mangled by a shadow wraith (9 damage)
             ... summoned by a mummy priest
             ... in the Dungeon (Sprint I: "Red Sonja").
             The game lasted 00:13:16 (2886 turns).

TheScarfBastard the Severer (Minotaur Berserker)    Turns: 2886, Time: 00:13:17

Health: -7/121     AC: 13    Str: 23    XL:     11   Next: 34%
Magic:  10/10      EV: 13    Int:  4    God:    Trog [*****.]
Gold:   323        SH:  0    Dex: 12    Spells: 10/10 levels left

rFire    x . .     SeeInvis .   c - +6 battleaxe (vorpal)
rCold    + + .     Faith    .   (shield currently unavailable)
rNeg     . . .     Spirit   .   m - +2 chain mail {rC+}
rPois    .         Reflect  .   (helmet restricted)
rElec    .         Harm     .   (no cloak)
rCorr    .         Rampage  .   (no gloves)
Will     .....     NoTele   +   (no boots)
Stlth    ..........             (no amulet)
HPRegen  0.30/turn              k - ring of wizardry
MPRegen  0.12/turn              h - ring of ice

@: lethally poisoned (-7 -> -7), weakened, berserk cooldown, attractive, slowed,
very slow
A: retaliatory headbutt, horns 2
a: Renounce Religion, Berserk, Trog's Hand, Brothers in Arms


You were in the Dungeon.
You worshipped Trog.
Trog was extremely pleased with you.
You visited 1 branch You collected 810 gold pieces.
You spent 487 gold pieces at shops.

Inventory:

Hand Weapons
 a - a +0 hand axe
 c - a +6 vorpal battleaxe (weapon)
 o - a +2 antimagic battleaxe
 q - a +4 war axe of flaming
 r - a +3 quarterstaff
Armour
 b - a +0 animal skin
 j - a +1 leather armour of fire resistance
 m - a +2 chain mail of cold resistance (worn)
 p - the +0 ring mail "Evimof" {Will++}
   (You bought it in a shop in the Dungeon)

   It affects your willpower, your defense against some magical effects.
Jewellery
 h - a ring of ice (right hand)
 k - a ring of wizardry (left hand)
Potions
 e - a potion of haste
 f - 3 potions of magic
 g - a potion of berserk rage
 i - a potion of lignification {unknown}
 l - 2 potions of resistance {unknown}
 n - a potion of ambrosia {unknown}


   Skills:
 + Level 18.8 Fighting
 + Level 20.6 Axes
 + Level 10.3 Armour
 + Level 10.9 Dodging
 + Level 2.6 Stealth


You had 10 spell levels left.
You didn't know any spells.
Your spell library was empty.

Dungeon Overview and Level Annotations

Branches:
Dungeon (1/1)

Altars:
Cheibriados
Dithmenos
Elyvilon
Fedhas
Gozag
Hepliaklqana
Kikubaaqudgha
Makhleb
Nemelex Xobeh
Okawaru
Qazlal
Ru
Sif Muna
Trog
Uskayaw
Vehumet
Wu Jian
Xom
Yredelemnul
Zin
The Shining One
Jiyva
Lugonu

Shops:
D :}}[====}=:(?[}

Annotations:
D exclusion: oklob plant


Innate Abilities, Weirdness & Mutations

You reflexively headbutt those who attack you in melee.
You have a pair of horns on your head.


Message History

You headbutt the necrophage!
You destroy the necrophage!
The necrophage's corpse disappears in a puff of smoke!
The shadow slips into darkness.
The shadow flickers and vanishes!
Deactivating autopickup; reactivate with Ctrl-A.
You closely miss something.
You feel sick. Something hits you but does no damage.
You slash something! Something hits you!!
* * * LOW HITPOINT WARNING * * *
Something drains your vigour!
You feel as though you will be slow longer.
You slash something!
You feel sick. Something hits you but does no damage.
You hit something. You headbutt something.
Something hits you but does no damage.
Unknown command.
It was a potion of attraction.
You feel attractive to monsters.
You feel sick. Something hits you!
You die...

..
#..###$#.)≈###
...
##.#A#$#.)≈.[#
#○°○
#..###$#.)≈.##
#○○^#
#.##..$#..≈##
#.°## #.
+###.)≈# #..#
## #PW..## #
#M≈..# #
###..# #
#@'..# #
#.##'# #
#^#≈≈≈# #
#.#≈≈≈≈# #
°.#≈≈≈≈≈# ###
≈≈≈≈# '≈≈≈'
##≈≈#≈


There were no monsters in sight!

Vanquished Creatures
  A deep elf annihilator (D)
  A centaur warrior (D)
  A hydra (D)
  2 unseen horrors (D)
  A lindwurm (D)
  An oklob plant (D)
  2 gargoyles (D)
  2 kobold demonologists (D)
  A hornet (D)
  A slime creature (D)
  2 redbacks (D)
  Sigmund (D)
  A yak (D)
  13 hogs (D)
  3 floating eyes (D)
  7 necrophages (D)
  An ogre (D)
  8 jellies (D)
  Ijyb (D)
50 creatures vanquished.

Vanquished Creatures (collateral kills)
  A centaur warrior (D)
  2 merfolk sirens (D)
  4 demonic crawlers (D)
  A hellwing (D)
  A hornet (D)
9 creatures vanquished.

Vanquished Creatures (others)
  3 hornets (D)
3 creatures vanquished.

Grand Total: 62 creatures vanquished

Notes
Turn   | Place    | Note
-------+----------+-------------------------------------------
     0 | D        | TheScarfBastard the Minotaur Berserker began the quest for
                  | the Orb.
     0 | D        | Reached XP level 1. HP: 19/19 MP: 0/0
     4 | D        | Noticed Ijyb
    10 | D        | Killed Ijyb
    11 | D        | Reached skill level 5 in Fighting
    11 | D        | Reached skill level 5 in Axes
    11 | D        | Reached XP level 2. HP: 29/29 MP: 1/1
    72 | D        | Noticed an ogre
    77 | D        | Killed an ogre
    78 | D        | Reached skill level 7 in Axes
    78 | D        | Reached XP level 3. HP: 39/39 MP: 2/2
    78 | D        | Reached XP level 4. HP: 47/47 MP: 3/3
   126 | D        | Noticed Sigmund
   132 | D        | Killed Sigmund
   132 | D        | Reached ** piety under Trog
   133 | D        | Reached skill level 9 in Axes
   133 | D        | Reached skill level 5 in Armour
   133 | D        | Reached XP level 5. HP: 58/58 MP: 4/4
   179 | D        | Found an ornate altar of the Wu Jian Council.
   179 | D        | Found a shimmering blue altar of Sif Muna.
   181 | D        | Found a radiant altar of Vehumet.
   189 | D        | Reached skill level 10 in Fighting
   189 | D        | Reached skill level 10 in Axes
   189 | D        | Reached XP level 6. HP: 56/66 MP: 5/5
   365 | D        | Found Zuts's Book Emporium.
   365 | D        | Found an ancient bone altar of Kikubaaqudgha.
   365 | D        | Found a hazy altar of Hepliaklqana.
   365 | D        | Found a stormy altar of Qazlal.
   365 | D        | Found a hide-covered altar of Uskayaw.
   365 | D        | Found a blossoming altar of Fedhas.
   365 | D        | Found a bloodstained altar of Trog.
   365 | D        | Found an iron altar of Okawaru.
   365 | D        | Found a basalt altar of Yredelemnul.
   365 | D        | Found a glowing golden altar of the Shining One.
   365 | D        | Found a snail-covered altar of Cheibriados.
   365 | D        | Found a sacrificial altar of Ru.
   365 | D        | Found a glowing silver altar of Zin.
   365 | D        | Found a shadowy altar of Dithmenos.
   365 | D        | Found a white marble altar of Elyvilon.
   365 | D        | Noticed a yak
   371 | D        | Killed a yak
   372 | D        | Reached skill level 11 in Axes
   372 | D        | Reached skill level 5 in Dodging
   372 | D        | Found an opulent altar of Gozag.
   404 | D        | Found a sparkling altar of Nemelex Xobeh.
   426 | D        | Found a burning altar of Makhleb.
   426 | D        | Found a viscous altar of Jiyva.
   426 | D        | Found a shimmering altar of Xom.
   426 | D        | Found a corrupted altar of Lugonu.
   426 | D        | Noticed a slime creature
   434 | D        | Killed a slime creature
   434 | D        | Reached *** piety under Trog
   435 | D        | Reached skill level 12 in Axes
   435 | D        | Reached XP level 7. HP: 75/75 MP: 6/6
   500 | D        | Noticed a kobold demonologist
   500 | D        | Noticed a kobold demonologist
   501 | D        | Noticed an orange demon
   513 | D        | Killed a kobold demonologist
   514 | D        | Reached skill level 13 in Axes
   515 | D        | Noticed an orange demon
   521 | D        | Killed a kobold demonologist
   521 | D        | Reached **** piety under Trog
   522 | D        | Reached XP level 8. HP: 60/86 MP: 7/7
   839 | D        | Noticed a demonic crawler
   839 | D        | Noticed a demonic crawler
   839 | D        | Noticed a demonic crawler
   839 | D        | Noticed a demonic crawler
   843 | D        | Killed a demonic crawler
   843 | D        | Killed a demonic crawler
   844 | D        | Reached skill level 14 in Axes
   846 | D        | Killed a demonic crawler
   849 | D        | Killed a demonic crawler
   850 | D        | Reached skill level 15 in Axes
   905 | D        | Noticed a lindwurm
   916 | D        | Killed a lindwurm
   916 | D        | Reached ***** piety under Trog
   917 | D        | Reached XP level 9. HP: 96/96 MP: 8/8
  1041 | D        | Noticed a gargoyle
  1054 | D        | Killed a gargoyle
  1055 | D        | Reached skill level 15 in Fighting
  1055 | D        | Reached skill level 16 in Axes
  1364 | D        | Noticed a centaur warrior
  1366 | D        | Noticed a centaur warrior
  1371 | D        | Killed a centaur warrior
  1372 | D        | Reached skill level 1 in Stealth
  1374 | D        | Killed a centaur warrior
  1375 | D        | Reached skill level 17 in Axes
  1475 | D        | Reached XP level 10. HP: 107/107 MP: 9/9
  1517 | D        | Noticed an oklob plant
  1525 | D        | Killed an oklob plant
  1643 | D        | Reached skill level 18 in Axes
  1806 | D        | Killed an unseen horror
  1811 | D        | Killed an unseen horror
  1811 | D        | Received a gift from Trog
  2023 | D        | Reached skill level 19 in Axes
  2028 | D        | Reached ****** piety under Trog
  2029 | D        | Received a gift from Trog
  2033 | D        | Reached skill level 10 in Dodging
  2111 | D        | Found Kuvoan's Gadget Shoppe.
  2111 | D        | Found Qelowu's Gadget Shop.
  2111 | D        | Found Piph's Antique Armour Boutique.
  2113 | D        | Found Reug Lija's Jewellery Emporium.
  2113 | D        | Found Tyvvewn's Jewellery Shop.
  2113 | D        | Found Veolum's Jewellery Shoppe.
  2113 | D        | Found Feqomum's Jewellery Boutique.
  2113 | D        | Found Hetuhoz's Gadget Emporium.
  2113 | D        | Found Niuduush's Jewellery Shop.
  2113 | D        | Found Ciduafeq's Book Shoppe.
  2117 | D        | Found Hiahuest's Weapon Boutique.
  2118 | D        | Found Toass's Antique Armour Emporium.
  2118 | D        | Found Hetairih's Magic Scroll Boutique.
  2119 | D        | Found Tomaog's Gadget Emporium.
  2139 | D        | Bought a translucent ring mail for 243 gold pieces
  2149 | D        | Identified the cursed +0 ring mail "Evimof" {Will++} (You
                  | bought it in a shop in the Dungeon)
  2191 | D        | Bought a scroll of remove curse for 42 gold pieces
  2244 | D        | Bought a glowing chain mail for 202 gold pieces
  2336 | D        | Received a gift from Trog
  2343 | D        | Reached XP level 11. HP: 119/119 MP: 10/10
  2347 | D        | Received a gift from Trog
  2348 | D        | Reached skill level 20 in Axes
  2387 | D        | Noticed a daeva
  2589 | D        | Noticed a 12-headed hydra
  2590 | D        | Paralysed by a floating eye for 2 turns
  2594 | D        | Killed a 13-headed hydra
  2710 | D        | Noticed a deep elf annihilator
  2718 | D        | Killed a deep elf annihilator
  2721 | D        | Reached skill level 10 in Armour
  2858 | D        | Noticed a mummy priest
  2860 | D        | Noticed an oklob plant
  2883 | D        | HP: 3/121 [something (21)]
  2886 | D        | Mangled by a shadow wraith

Illustrated notes

Levels and vault maps discovered:
D:        dungeon_sprint_1 [red_sonja_temple_1, red_sonja_temple_small_1]

Skill      XL: |  1  2  3  4  5  6  7  8  9 10 11 |
---------------+----------------------------------+-----
Fighting       | 5 7 9 10 11 13 14 16 18 | 18.8
Axes           | 5 7 9 10 12 13 15 17 19 20 | 20.6
Armour         | 3 4 5 6 7 8 9 10 | 10.3
Dodging        | 3 4 6 7 8 10 | 10.9
Stealth        | 1 2 |  2.6

Action                   |  1- 3 |  4- 6 |  7- 9 | 10-12 || total
-------------------------+-------+-------+-------+-------++-------
Melee: Hand axe          |     7 |    19 |    42 |    32 ||   100
       Headbutt          |     1 |     4 |    15 |    16 ||    36
       Battleaxe         |       |       |       |    51 ||    51
Invok: Berserk           |     2 |     3 |     6 |     7 ||    18
       Brothers in Arms  |       |       |     2 |     4 ||     6
  Use: Scroll            |       |       |     1 |     2 ||     3
       Potion            |       |       |       |     3 ||     3
Armor: Leather armour    |       |     2 |     5 |     3 ||    10
       Chain mail        |       |       |       |    32 ||    32
Dodge: Dodged            |     5 |     7 |    30 |    53 ||    95

Table legend: (Time is in decaauts)
 A = Elapsed time spent in this place.
 B = Non-inter-level travel time spent in this place.
 C = Inter-level travel time spent in this place.
 D = Time resting spent in this place.
 E = Time spent auto-exploring this place.
 F = Levels seen in this place.
 G = Mean time per level.
                   A        B        C        D        E       F      G
               +--------+--------+--------+--------+--------+-----+--------+
         Total |   3002 |   2976 |     26 |   2273 |      0 |   1 | 3002.0 |
       Dungeon |   3002 |   2976 |     26 |   2273 |      0 |   1 | 3002.0 |
               +--------+--------+--------+--------+--------+-----+--------+

Top non-repeatable levels by time:
       D: 3002 daAuts
